 Dungeon Crawl Stone Soup version 0.22-a0-617-g6d95e9e (webtiles) character file.

38 sking99 the Insei (level 3, 0/23 HPs)
             Began as an Octopode Transmuter on July 12, 2018.
             Slain by Terence
             ... wielding a +1 hand axe of flaming
              (4 damage)
             ... on level 2 of the Dungeon.
             The game lasted 00:01:27 (1335 turns).

sking99 the Insei (Octopode Transmuter)             Turns: 1335, Time: 00:01:28

Health: 0/23       AC:  1    Str:  9    XL:     3   Next: 43%
Magic:  2/6        EV: 13    Int: 15    God:
Gold:   81         SH:  0    Dex: 13    Spells: 0/6 levels left

rFire    . . .     SeeInvis .     - Unarmed
rCold    . . .     Gourm    .   (no shield)
rNeg     . . .     Faith    .   (helmet restricted)
rPois    .         Spirit   .   (no amulet)
rElec    .         Reflect  .   (no ring)
rCorr    .         Harm     .   (no ring)
MR       .....                  (no ring)
Stlth    ++........             (no ring)
HPRegen  0.07/turn              (no ring)
MPRegen  0.10/turn              (no ring)
                                (no ring)
                                (no ring)

@: lethally poisoned (0 -> -6), appendage (expiring), flying, very slightly
contaminated
A: almost no armour, stealthy swim, amphibious, 8 rings, constrict 8, tentacle
spike 3, camouflage 1, gelatinous body 1
a: End Transformation


You were on level 2 of the Dungeon.
You were near starving.
One of your tentacles had a temporary spike.
You visited 1 branch of the dungeon, and saw 2 of its levels.

You collected 81 gold pieces.

Inventory:

Missiles
 a - 24 arrows
Scrolls
 b - 2 scrolls of enchant weapon {unknown}
 d - 2 scrolls of teleportation {unknown}
 e - a scroll of identify {unknown}
 g - 2 scrolls of remove curse {unknown}
Potions
 h - a potion of agility {unknown}
 i - a potion of brilliance {unknown}
Comestibles
 c - 2 rations


   Skills:
 + Level 1.6 Fighting
 - Level 2.3 Dodging
 * Level 3.6 Unarmed Combat
 - Level 2.0 Spellcasting
 + Level 2.3 Transmutations
 + Level 0.4 Poison Magic


You couldn't memorise any spells.
You knew the following spells:

 Your Spells              Type           Power        Failure   Level  Hunger
a - Beastly Appendage     Tmut           #.....       9%          1    #......
b - Sticks to Snakes      Tmut           #.......     13%         2    ###....
c - Spider Form           Tmut/Pois      #.........   36%         3    ###....

Your spell library contained the following spells:

 Spells                   Type           Power        Failure   Level  Hunger
 Blade Hands              Tmut           #.........   93%         5    ######.
 Ice Form                 Ice/Tmut       #.......     80%         4    #####..


Dungeon Overview and Level Annotations

Branches:
Dungeon (2/15)

Altars:

Annotations:
D:2 Terence


Innate Abilities, Weirdness & Mutations

You cannot wear most types of armour.
You are very stealthy in the water. (Stealth+)
You are amphibious.
You can wear up to eight rings at the same time.
You can use your tentacles to constrict eight enemies at once.
Your skin changes colour to match your surroundings (Stealth+).
Your rubbery body absorbs attacks. (AC +1, EV +1)
One of your tentacles bears a large vicious spike.


Message History

The adder bites you.
You are poisoned.
The adder poisons you! The adder barely misses you.
You tentacle-slap Terence but do no damage.
You pierce Terence.
Terence is lightly wounded.
You constrict Terence, but do no damage.
You feel sick.
Terence hits you with a hand axe of flaming.
Terence burns you. The adder bites you.
* * * LOW HITPOINT WARNING * * *
It was a potion of flight.
You feel very buoyant.
You fly up into the air.
You constrict Terence, but do no damage.
* * * LOW HITPOINT WARNING * * *
You feel sick. Terence says, "How do you enjoy it?"
Terence hits you with a hand axe of flaming.
You die...

# #.# #.##.# #.#..########
# #.# #.##.# #.#..........
### #.# #.##.# #.#..######
# ..# ..# #.##.###.#..#
#.# #...........# #.# #
###..######.# #.# .# #.^#
#.# ..# #.##
####..######.# ..# #...#
#...@........#
..##.#.#.####.##@S######.#
...^......... #..!. ..#
...#.#.#.### #.#### .#
....#...# ... ....##.#####
#.. ...#........ #..
....######.. .#.# ..#.#


You could see Terence and an adder.

Vanquished Creatures
  2 oozes (D:1)
  A leopard gecko (D:1)
  2 giant cockroaches (D:2)
  3 goblins (D:1)
  2 hobgoblins
  3 kobolds
  A quokka (D:2)
  2 bats (D:1)
  A frilled lizard (D:1)
  4 rats (D:1)
21 creatures vanquished.

Vanquished Creatures (collateral kills)
  An adder (D:2)
1 creature vanquished.

Grand Total: 22 creatures vanquished

Notes
Turn   | Place    | Note
-------+----------+-------------------------------------------
     0 | D:1      | sking99 the Octopode Transmuter began the quest for the Orb.
     0 | D:1      | Reached XP level 1. HP: 13/13 MP: 3/3
    40 | D:1      | Reached XP level 2. HP: 13/18 MP: 3/5
    61 | D:1      | Learned a level 2 spell: Sticks to Snakes
   729 | D:1      | Reached XP level 3. HP: 23/23 MP: 4/6
  1006 | D:2      | Learned a level 3 spell: Spider Form
  1326 | D:2      | Noticed Terence
  1335 | D:2      | Slain by Terence

Vault maps used:
D:1:      erik_arrival_gehennom
D:2:      uniq_terence

Action                   || total
-------------------------++-------
Melee: Unarmed           ||    47
       Kick              ||     8
       Tentacles         ||    10
       Constrict         ||    10
       Punch             ||     3
 Cast: Beastly Appendage ||    13
       Sticks to Snakes  ||     1
  Use: Potion            ||     1
 Stab: Sleeping          ||     2
Armor: Skin              ||     6
Dodge: Dodged            ||    29

Table legend:
 A = Spawn XP
 B = Non-spawn XP
 C = Spawn XP percentage of total XP
 D = Spawn monster count
 E = Non-spawn monster count
 F = Spawn count percentage of total count
 G = Total turns spent on level
                    A         B        C        D         E        F      G
               +---------+---------+-------+---------+---------+-------+---------
         Total |       0 |      55 |   0.0 |       0 |      22 |   0.0 |  1335
               +---------+---------+-------+---------+---------+-------+---------
           D:1 |       0 |      34 |   0.0 |       0 |      16 |   0.0 |   910
           D:2 |       0 |      21 |   0.0 |       0 |       6 |   0.0 |   425
               +---------+---------+-------+---------+---------+-------+---------
